Map: Lightshade LE

Players

Probe

  • Race: Protoss Protoss

MeomaikA - Winner!

  • Race: Zerg Zerg

Event: DreamHack SC2 Masters 2021 Fall

VOD

Have the link to the VOD?

Description

Time

  • Played on: July 31, 2021, 6:46 a.m.
  • Length: 23:30

All games in this series

Show
View Real Time Build Order
Export as new Build Order

Probe Protoss 

Build Orders: 1 Gate Expand, Oracle Opening 

Get SALT Encoding   

  12  0:00  Probe  
  13  0:12  Probe  
  14  0:20  Pylon  
  14  0:24  Probe  
  15  0:38  Gateway, Probe (Chrono Boost)  
  16  0:47  Probe (Chrono Boost)  
  16  0:49  Assimilator  
  17  0:52  Probe  
  18  1:04  Probe  
  19  1:16  Probe  
  20  1:25  Nexus  
  20  1:35  Cybernetics Core  
  20  1:41  Zealot  
  20  1:44  Probe  
  23  1:50  Pylon  
  23  1:56  Assimilator  
  23  2:08  Probe (Chrono Boost)  
  24  2:12  Gateway  
  24  2:15  Adept  
  24  2:20  Probe (Chrono Boost)  
  27  2:29  Probe (Chrono Boost)  
  28  2:33  Stargate  
  28  2:35  Probe (Chrono Boost)  
  29  2:40  Probe (Chrono Boost)  
  30  2:46  Warp Gate  
  30  2:47  Probe (Chrono Boost)  
  30  2:50  Probe (Chrono Boost)  
  32  2:52  Probe (Chrono Boost)  
  32  2:55  Probe  
  34  3:01  Probe  
  35  3:07  Probe (Chrono Boost)  
  36  3:13  Void Ray (Chrono Boost)  
  36  3:17  Probe (Chrono Boost)  
  36  3:19  Probe (Chrono Boost)  
  42  3:26  Probe (Chrono Boost)  
  44  3:28  Pylon, Probe (Chrono Boost)  
  44  3:34  Probe  
  44  3:37  Probe  
  46  3:41  Shield Battery  
  46  3:46  Probe  
  47  3:49  Probe  
  47  3:52  Oracle (Chrono Boost)  
  51  3:57  Assimilator, Pylon  
  51  3:58  Probe  
  51  4:01  Assimilator  
  52  4:05  Probe  
  52  4:08  Stargate  
  53  4:10  Probe  
  53  4:13  Pylon  
  55  4:17  Probe  
  55  4:22  Void Ray (Chrono Boost), Probe  
  56  4:29  Probe  
  61  4:32  Nexus  
  61  4:35  Pylon  
  61  4:39  Forge  
  61  4:40  Probe  
  61  4:43  Probe  
  63  4:50  Void Ray (Chrono Boost)  
  63  4:52  Probe  
  64  4:55  Probe  
  69  5:01  Void Ray (Chrono Boost)  
  69  5:04  Probe  
  74  5:07  Probe  
  74  5:12  Photon Cannon  
  75  5:14  Shield Battery  
  76  5:25  Pylon  
  75  5:31  Photon Cannon  
  75  5:32  Photon Cannon  
  75  5:33  Protoss Air Weapons Level 1  
  75  5:35  Shield Battery  
  75  5:36  Void Ray (Chrono Boost)  
  75  5:40  Photon Cannon  
  75  5:44  Void Ray (Chrono Boost)  
  75  5:46  Probe x2  
  75  5:49  Shield Battery  
  81  5:50  Shield Battery  
  85  6:00  Probe  
  85  6:01  Robotics Facility, Probe  
  87  6:04  Adept  
  87  6:05  Probe  
  90  6:12  Void Ray, Probe  
  90  6:13  Probe  
  90  6:17  Probe  
  97  6:24  Probe  
  97  6:25  Probe  
  99  6:29  Adept x2  
  99  6:33  Pylon  
  99  6:34  Pylon  
  99  6:36  Assimilator  
  99  6:38  Assimilator, Shield Battery  
  99  6:41  Shield Battery  
  99  6:45  Void Ray  
  99  6:48  Probe  
  99  6:51  Observer (Chrono Boost)  
  99  6:52  Robotics Bay  
  105  6:54  Probe  
  105  6:55  Probe  
  105  7:00  Probe  
  105  7:01  Sentry  
  110  7:03  Zealot  
  110  7:04  Observer (Chrono Boost)  
  110  7:06  Probe  
  114  7:12  Probe  
  114  7:14  Photon Cannon  
  115  7:16  Photon Cannon  
  115  7:17  Void Ray  
  115  7:18  Pylon  
  115  7:20  Photon Cannon  
  115  7:30  Void Ray  
  115  7:31  Zealot  
  119  7:39  Disruptor (Chrono Boost)  
  119  7:44  Zealot  
  122  7:48  Probe x2  
  97  7:54  Void Ray, Probe  
  97  7:58  Stalker  
  86  8:00  Probe x2  
  90  8:06  Probe  
  90  8:07  Observer, Void Ray  
  90  8:09  Zealot  
  89  8:12  Probe  
  89  8:13  Probe  
  93  8:21  Disruptor (Chrono Boost)  
  93  8:25  Probe x2  
  96  8:44  Disruptor  
  96  8:45  Nexus  
  96  8:51  Pylon  
  96  8:52  Pylon  
  96  8:53  Void Ray (Chrono Boost)  
  96  8:54  Pylon x3  
  96  8:55  Pylon  
  92  9:05  Void Ray (Chrono Boost), Probe x2  
  97  9:11  Shield Battery  
  97  9:13  Photon Cannon  
  97  9:15  Photon Cannon  
  97  9:18  Shield Battery  
  97  9:19  Probe x2  
  99  9:26  Stargate  
  99  9:31  Probe  
  99  9:38  Adept x2  
  104  9:45  Phoenix (Chrono Boost)  
  106  9:47  Phoenix (Chrono Boost)  
  108  9:52  Pylon  
  108  9:59  Photon Cannon, Probe x2  
  110  10:02  Disruptor (Chrono Boost)  
  113  10:08  Sentry, Void Ray (Chrono Boost)  
  113  10:09  Sentry  
  121  10:18  Probe  
  121  10:19  Probe x2  
  121  10:20  Assimilator  
  124  10:23  Assimilator  
  124  10:25  Shield Battery  
  124  10:27  Void Ray (Chrono Boost)  
  124  10:32  Disruptor  
  130  10:44  Stalker x2  
  134  10:53  Observer  
  134  10:54  Void Ray (Chrono Boost)  
  134  10:55  Probe x2  
  136  11:09  Nexus, Void Ray (Chrono Boost)  
  136  11:11  Pylon  
  140  11:17  Pylon  
  140  11:18  Void Ray (Chrono Boost)  
  140  11:23  Fleet Beacon  
  144  11:30  Probe x3  
  147  11:33  Pylon  
  147  11:39  Zealot  
  149  11:40  Zealot  
  149  11:42  Shield Battery, Void Ray  
  149  11:45  Shield Battery  
  153  11:54  Void Ray  
  153  11:59  Shield Battery x2  
  157  12:02  Disruptor  
  160  12:13  Photon Cannon  
  160  12:15  Photon Cannon  
  160  12:17  Photon Cannon  
  160  12:18  Flux Vanes  
  160  12:34  Void Ray x2  
  164  12:45  Nexus  
  164  12:57  Protoss Air Weapons Level 2 (Chrono Boost)  
  164  12:59  Assimilator x2  
  164  13:05  Void Ray, Stalker x2  
  168  13:13  Anion Pulse-Crystals (Chrono Boost)  
  167  13:28  Phoenix x2  
  171  13:36  Probe x2  
  171  13:38  Photon Cannon  
  171  13:39  Photon Cannon  
  171  13:41  Zealot x2  
  173  13:54  Phoenix (Chrono Boost)  
  173  13:55  Phoenix (Chrono Boost)  
  173  13:56  Phoenix (Chrono Boost)  
  153  14:10  Probe x4  
  163  14:17  Carrier (Chrono Boost)  
  163  14:19  Carrier (Chrono Boost)  
  163  14:22  Probe x3  
  163  14:23  Probe  
  173  14:30  Photon Cannon  
  173  14:32  Pylon  
  173  14:34  Probe  
  173  14:35  Phoenix (Chrono Boost)  
  174  14:45  Zealot  
  174  14:47  Zealot  
  178  14:53  Phoenix (Chrono Boost)  
  174  15:08  Phoenix (Chrono Boost)  
  174  15:11  Phoenix (Chrono Boost)  
  178  15:18  Zealot x2  
  178  15:20  Phoenix (Chrono Boost)  
  182  15:24  Phoenix  
  182  15:28  Phoenix  
  172  15:31  Nexus  
  174  15:40  Phoenix (Chrono Boost)  
  170  15:45  Zealot x2  
  170  15:47  Pylon  
  170  15:49  Photon Cannon, Phoenix (Chrono Boost)  
  176  15:52  Phoenix (Chrono Boost)  
  180  16:06  Pylon  
  180  16:08  Void Ray x3 (Chrono Boost)  
  188  16:18  Zealot x2  
  175  16:45  Void Ray  
  175  16:51  Phoenix x2  
  183  16:56  Photon Cannon x2  
  183  16:57  Shield Battery, Photon Cannon  
  183  16:59  Photon Cannon  
  181  17:06  Probe x3  
  169  17:15  Phoenix  
  171  17:25  Photon Cannon  
  171  17:28  Photon Cannon  
  161  17:30  Photon Cannon  
  161  17:33  Phoenix (Chrono Boost)  
  161  17:34  Phoenix (Chrono Boost)  
  133  17:41  Phoenix (Chrono Boost)  
  133  17:51  Adept x2  
  126  17:52  Probe x2  
  126  17:55  Phoenix (Chrono Boost)  
  126  17:56  Phoenix (Chrono Boost)  
  126  17:58  Twilight Council, Probe x2  
  136  18:01  Assimilator  
  136  18:06  Assimilator  
  136  18:11  Phoenix  
  138  18:13  Phoenix  
  138  18:15  Phoenix  
  140  18:28  Shield Battery  
  140  18:29  Shield Battery  
  140  18:30  Zealot x2  
  142  18:36  Phoenix  
  142  18:38  Phoenix  
  142  18:40  Templar Archives, Phoenix  
  146  18:56  Zealot x2  
  150  19:03  Phoenix x2  
  152  19:17  Gateway  
  152  19:19  Gateway  
  152  19:22  Gateway  
  140  19:27  Gateway, Phoenix  
  140  19:28  Gateway, Phoenix x2  
  140  19:29  High Templar x2  
  150  19:35  Archon  
  144  19:47  Stargate  
  144  19:52  Phoenix  
  144  19:53  Observer, Phoenix  
  139  20:11  High Templar x3  
  142  20:15  High Templar  
  142  20:16  Archon  
  142  20:17  Psionic Storm  
  144  20:23  Archon  
  144  20:31  Probe x3  
  147  20:39  Photon Cannon  
  147  20:41  Photon Cannon  
  147  20:43  Photon Cannon  
  143  21:06  Nexus, Zealot x4, Pylon x2  
  123  21:27  Phoenix x3  
  123  21:28  Zealot x3  
  123  21:29  Zealot  
  102  21:54  Stalker x4  
  87  22:14  High Templar x3  
  93  22:16  Probe  
  93  22:17  Probe x3  
  93  22:18  Probe  
  93  22:19  Probe  
  99  22:23  Photon Cannon  
  99  22:25  Stalker x4  
  99  22:27  Photon Cannon  
  99  22:28  Probe  
  99  22:29  Probe  
  109  22:30  Probe x2  
  109  22:33  Gateway  
  108  22:40  Probe x2  
  110  22:44  Gateway  
  110  22:46  Gateway  
  110  22:47  High Templar x3  
  116  22:57  Archon  
  108  23:01  High Templar x2  
  108  23:04  Archon  
Show
View Real Time Build Order
Export as new Build Order

MeomaikA Zerg - Winner!

Build Orders: Pool First 

Get SALT Encoding   

  12  0:00  Drone  
  13  0:08  Drone  
  14  0:16  Overlord  
  14  0:25  Extractor  
  14  0:26  Drone  
  15  0:34  Drone x2  
  17  0:44  Spawning Pool  
  17  0:48  Drone  
  17  1:07  Hatchery  
  17  1:10  Drone  
  17  1:12  Extractor  
  17  1:15  Drone  
  17  1:31  Zergling x4  
  17  1:32  Queen  
  19  1:37  Drone  
  22  1:47  Overlord  
  22  2:07  Drone  
  22  2:08  Queen  
  23  2:11  Drone  
  23  2:13  Metabolic Boost  
  26  2:19  Drone  
  26  2:20  Drone  
  28  2:30  Drone  
  28  2:31  Drone  
  30  2:40  Drone x3  
  30  2:41  Drone  
  34  2:52  Hatchery  
  34  2:56  Overlord  
  33  2:59  Drone  
  33  3:02  Drone  
  33  3:03  Drone  
  36  3:11  Lair  
  36  3:16  Drone x2  
  36  3:17  Drone  
  36  3:18  Drone  
  40  3:21  Drone  
  40  3:23  Extractor, Drone  
  40  3:25  Drone  
  42  3:28  Drone  
  42  3:30  Drone  
  42  3:33  Overlord  
  44  3:40  Overlord  
  44  3:51  Queen  
  44  3:53  Extractor, Drone  
  44  3:54  Drone x3  
  51  4:02  Drone x2  
  51  4:03  Drone  
  51  4:04  Drone  
  51  4:05  Drone x3  
  56  4:10  Spore Crawler  
  56  4:11  Hydralisk Den  
  56  4:12  Spore Crawler  
  56  4:13  Drone  
  54  4:19  Drone x3  
  54  4:20  Drone  
  58  4:27  Overlord  
  58  4:28  Overlord  
  58  4:33  Overlord  
  58  4:41  Muscular Augments  
  58  4:45  Hydralisk  
  58  4:46  Hydralisk x4  
  58  4:52  Extractor, Drone x3  
  70  4:55  Hydralisk  
  70  4:56  Hydralisk  
  72  5:01  Hydralisk x2  
  72  5:04  Hydralisk  
  78  5:07  Drone x2  
  78  5:08  Drone  
  81  5:15  Overlord x2  
  81  5:16  Overlord  
  81  5:20  Overlord  
  81  5:34  Hydralisk x2  
  81  5:35  Hydralisk x4  
  93  5:37  Zergling x4  
  93  5:38  Zergling x2  
  93  5:39  Zergling x2  
  93  5:40  Zergling x2  
  93  5:41  Zergling x2  
  93  5:42  Zergling x2  
  100  5:44  Zergling x2  
  100  5:45  Zergling x2  
  100  5:48  Hydralisk  
  104  5:50  Overlord  
  104  5:54  Grooved Spines  
  104  5:55  Hydralisk  
  106  5:57  Overlord  
  106  6:00  Overlord  
  106  6:03  Overlord  
  106  6:04  Overlord  
  106  6:06  Drone  
  106  6:07  Drone  
  106  6:08  Drone  
  106  6:10  Drone  
  110  6:13  Hydralisk x2  
  110  6:18  Drone x2, Hydralisk  
  111  6:21  Drone  
  111  6:23  Hydralisk  
  111  6:25  Hydralisk  
  118  6:27  Hydralisk  
  118  6:29  Hydralisk  
  118  6:32  Hydralisk  
  121  6:35  Hydralisk  
  125  6:45  Hydralisk x2  
  125  6:46  Hatchery  
  127  6:48  Hydralisk  
  129  6:54  Extractor  
  129  6:55  Hydralisk  
  129  6:58  Zergling x12  
  129  6:59  Zergling x2  
  129  7:00  Hydralisk  
  139  7:04  Zergling x4  
  139  7:05  Zergling x2  
  139  7:08  Hydralisk x2  
  138  7:15  Hydralisk  
  138  7:17  Drone x5  
  138  7:19  Hydralisk  
  138  7:22  Hydralisk  
  142  7:27  Hydralisk  
  146  7:33  Zergling x4  
  146  7:34  Zergling x2  
  147  7:43  Zergling x2  
  147  7:44  Zergling x2  
  142  7:47  Zergling x2  
  142  7:48  Zergling x4  
  142  7:49  Zergling x4  
  142  7:51  Zergling x4  
  131  7:54  Hydralisk x2  
  131  7:56  Zergling x2  
  126  8:08  Hydralisk x2  
  126  8:10  Hydralisk  
  126  8:11  Hydralisk x2  
  136  8:13  Hydralisk  
  136  8:17  Drone x2  
  136  8:18  Queen x3  
  136  8:19  Drone  
  128  8:24  Drone x3  
  128  8:27  Drone, Spire  
  132  8:30  Drone x2  
  132  8:36  Drone x2  
  132  8:40  Drone  
  132  8:41  Drone  
  131  8:47  Drone  
  131  8:48  Drone x2  
  123  8:52  Drone  
  123  8:53  Drone x2  
  107  8:57  Hydralisk x2  
  107  8:58  Hydralisk x3  
  107  8:59  Drone  
  107  9:00  Drone x2  
  120  9:05  Drone x2  
  122  9:10  Extractor  
  122  9:11  Extractor  
  119  9:40  Corruptor x8  
  119  9:44  Corruptor  
  119  9:45  Zergling x12  
  143  9:48  Zergling x6  
  143  9:49  Zergling x2  
  143  9:51  Overlord  
  147  9:54  Hydralisk  
  147  9:55  Hydralisk  
  151  10:00  Hatchery  
  151  10:01  Evolution Chamber  
  151  10:02  Evolution Chamber, Hydralisk  
  151  10:05  Hydralisk  
  152  10:07  Overlord  
  152  10:11  Zerg Flyer Weapons Level 1  
  152  10:19  Overseer  
  152  10:22  Drone x3  
  152  10:23  Drone x5  
  152  10:24  Overlord x4  
  152  10:28  Zerg Melee Weapons Level 1, Zerg Missile Weapons Level 1  
  160  10:31  Hydralisk x2  
  160  10:35  Hydralisk x2  
  168  10:45  Corruptor x3  
  168  10:46  Corruptor  
  174  10:52  Corruptor  
  174  10:55  Drone x3  
  174  10:56  Extractor  
  176  10:58  Drone x3  
  176  11:00  Extractor  
  178  11:06  Corruptor x3  
  184  11:17  Corruptor  
  184  11:18  Corruptor  
  185  11:47  Mutalisk  
  185  11:48  Mutalisk x6  
  196  11:57  Mutalisk x2  
  196  11:58  Zergling x22  
  196  11:59  Zergling x6  
  199  12:07  Zerg Flyer Weapons Level 2, Overlord  
  179  12:30  Mutalisk x7  
  179  12:32  Zergling x2  
  179  12:33  Zergling x16  
  179  12:34  Extractor  
  179  12:35  Extractor, Hatchery  
  197  12:41  Zerg Melee Weapons Level 2  
  197  12:42  Zerg Missile Weapons Level 2  
  185  13:06  Mutalisk x5  
  193  13:45  Infestation Pit  
  185  13:50  Mutalisk x7  
  196  14:00  Mutalisk x6  
  196  14:01  Mutalisk  
  169  14:05  Mutalisk  
  169  14:07  Mutalisk  
  169  14:09  Zergling x16  
  178  14:11  Mutalisk  
  178  14:15  Mutalisk  
  182  14:18  Mutalisk  
  182  14:22  Mutalisk  
  185  14:25  Hatchery  
  179  14:32  Mutalisk x3  
  185  14:39  Corruptor  
  185  14:41  Zerg Flyer Armor Level 1  
  181  15:08  Mutalisk x4  
  189  15:27  Mutalisk x3  
  189  15:28  Mutalisk x6  
  184  15:29  Mutalisk  
  184  15:32  Mutalisk  
  190  15:37  Mutalisk  
  190  15:40  Mutalisk  
  176  15:48  Corruptor x2  
  176  15:49  Zergling x28  
  199  15:50  Zergling x14  
  199  16:09  Extractor  
  198  16:12  Extractor  
  168  16:33  Corruptor x9  
  168  16:34  Corruptor x3  
  168  16:35  Corruptor  
  168  16:39  Corruptor  
  192  16:51  Zerg Flyer Armor Level 2  
  192  16:56  Hive  
  188  17:16  Corruptor x6  
  196  17:29  Mutalisk x2  
  180  17:30  Mutalisk x3  
  180  17:34  Mutalisk  
  157  17:38  Mutalisk  
  157  17:39  Zergling x30  
  157  17:42  Mutalisk  
  161  17:50  Zergling x2, Mutalisk  
  161  17:51  Mutalisk  
  150  17:54  Mutalisk  
  154  18:04  Mutalisk x2  
  158  18:06  Extractor  
  158  18:07  Mutalisk  
  157  18:23  Hatchery, Corruptor x2  
  157  18:24  Corruptor x2  
  160  18:31  Corruptor  
  160  18:33  Hatchery  
  161  18:38  Extractor  
  160  18:42  Extractor  
  160  18:43  Corruptor  
  160  18:44  Corruptor x2  
  165  18:55  Corruptor x2  
  167  18:56  Corruptor  
  167  19:01  Corruptor, Drone  
  169  19:05  Drone  
  169  19:06  Corruptor  
  166  19:10  Corruptor  
  168  19:18  Corruptor  
  163  19:24  Mutalisk  
  163  19:25  Mutalisk  
  163  19:27  Zergling x26  
  163  19:30  Mutalisk  
  172  19:48  Corruptor x3  
  172  19:52  Drone x3  
  181  19:53  Mutalisk x2  
  181  19:57  Mutalisk  
  176  20:08  Mutalisk x3  
  171  20:14  Mutalisk  
  171  20:16  Mutalisk  
  171  20:20  Hydralisk x2  
  179  20:21  Hydralisk  
  179  20:23  Hydralisk  
  179  20:26  Hydralisk  
  179  20:27  Hydralisk  
  187  20:30  Hydralisk  
  187  20:32  Hydralisk  
  191  20:35  Hydralisk  
  191  20:41  Hydralisk x2  
  197  20:50  Hydralisk  
  189  21:22  Mutalisk x8  
  193  21:30  Hydralisk x4  
  193  21:31  Hydralisk  
  199  21:38  Hydralisk x2  
  197  21:54  Hydralisk  
  197  22:00  Hydralisk  
  197  22:10  Hydralisk  
  197  22:42  Hydralisk x5  
  197  22:43  Zergling x2  
  196  22:57  Hydralisk x2  

Tags
 
Add a new tag
Caveats
  • Supply blocks, unpowered buildings, or Contaminate may cause inaccurate times.
  • Supply counts are checked every 10 seconds.